 Dungeon Crawl Stone Soup version 0.26.0-45-g9c1d065592 (webtiles) character file.

Game seed: 14899849225827785849

3936 kaeus the Covert (level 10, -9/69 HPs)
             Began as an Octopode Monk on Jan 28, 2021.
             Was a Believer of Dithmenos.
             Mangled by Harold
             ... wielding a +2 hand axe of electrocution
              (16 damage)
             ... on level 7 of the Dungeon.
             The game lasted 00:13:17 (8780 turns).

kaeus the Covert (Octopode Monk)                    Turns: 8780, Time: 00:13:17

Health: -9/69      AC:  1    Str: 12    XL:     10   Next: 21%
Magic:  10/10      EV: 19    Int: 12    God:    Dithmenos [**....]
Gold:   291        SH:  6    Dex: 23    Spells: 9/9 levels left

rFire    + . .     SeeInvis .   h - +2 dagger (venom)
rCold    . . .     Faith    .   p - +0 buckler
rNeg     . . .     Spirit   .   (helmet restricted)
rPois    .         Reflect  .   (no amulet)
rElec    .         Harm     .   q - ring of protection from fire
rCorr    .         Rampage  .   r - +6 ring of dexterity
Will     .....                  (no ring)
Stlth    ++++++++..             (no ring)
HPRegen  0.21/turn              (no ring)
MPRegen  0.12/turn              (no ring)
                                (no ring)
                                (no ring)

@: marked, wreathed by umbra
A: almost no armour, stealthy swim, amphibious, 8 rings, constrict 8, camouflage
1, gelatinous body 1
a: Renounce Religion, Shadow Step


You were on level 7 of the Dungeon.
You worshipped Dithmenos.
Dithmenos was pleased with you.
You visited 2 branches of the dungeon, and saw 8 of its levels.
You also visited: Ossuary.

You collected 291 gold pieces.

Inventory:

Hand Weapons
 h - a +2 dagger of venom (weapon)
Armour
 p - a +0 buckler (worn)
 w - a +0 kite shield
Magical Staves
 y - an uncursed staff of poison
Jewellery
 q - a ring of protection from fire (left tentacle)
 r - a +6 ring of dexterity (right tentacle)
Wands
 s - a wand of disintegration (12)
 u - a wand of acid (6)
Scrolls
 a - a scroll of enchant weapon {unknown}
 b - 6 scrolls of remove curse
 d - a scroll of magic mapping
 e - 4 scrolls of fear
 i - 2 scrolls of fog {unknown}
 j - a scroll of noise {unknown}
 l - 3 scrolls of immolation {unknown}
 n - 3 scrolls of teleportation
 z - a scroll of random uselessness {unknown}
 D - a scroll of acquirement {unknown}
 E - a scroll of identify
Potions
 c - a potion of might {unknown}
 f - 2 potions of heal wounds {unknown}
 g - 2 potions of attraction
 k - 3 potions of flight
 m - 4 potions of curing
 o - 3 potions of lignification
 t - a potion of brilliance {unknown}
 v - a potion of invisibility
 x - 3 potions of haste
 A - 2 potions of ambrosia {unknown}
 B - 2 potions of cancellation {unknown}
 C - a potion of degeneration {unknown}


   Skills:
 + Level 6.9 Fighting
 + Level 6.8 Short Blades
 + Level 6.8 Dodging
 * Level 11.7 Stealth
 + Level 5.2 Shields


You had 9 spell levels left.
You didn't know any spells.
Your spell library was empty.

Dungeon Overview and Level Annotations

Branches:
Dungeon (7/15)             Temple (1/1) D:6         Ossuary (visited)

Altars:
Ashenzari
Cheibriados
Dithmenos
Elyvilon
Fedhas
Hepliaklqana
Kikubaaqudgha
Makhleb
Nemelex Xobeh
Okawaru
Qazlal
Ru
Trog
Uskayaw
Vehumet
Wu Jian
Xom
Yredelemnul
Zin
The Shining One

Shops:
D:4 (}(

Annotations:
D:7 Harold


Innate Abilities, Weirdness & Mutations

You cannot wear most types of armour.
You are very stealthy in the water. (Stealth+)
You are amphibious.
You can wear up to eight rings at the same time.
You can use your tentacles to constrict eight enemies at once.
Your skin changes colour to match your surroundings (Stealth+).
Your rubbery body absorbs attacks. (AC +1, EV +1)


Message History

You take 28 damage, and have 41/69 hp.
MASSIVE DAMAGE!!
You hit Harold.
Harold looks as sick as possible!
Harold is moderately wounded.
You constrict Harold.
Harold hits you with a +2 hand axe of electrocution!
You take 17 damage, and have 24/69 hp.
MASSIVE DAMAGE!!
You hit Harold but do no damage. You squeeze Harold, but do no damage.
Harold is moderately wounded.
You constrict Harold. You completely miss Harold. You squeeze Harold!
Harold is heavily wounded.
You constrict Harold, but do no damage.
Harold hits you with a +2 hand axe of electrocution!
* * * LOW HITPOINT WARNING * * *
You take 12 damage, and have 13/69 hp.
You feel better.
You constrict Harold.
Harold hits you with a +2 hand axe of electrocution!
* * * LOW HITPOINT WARNING * * *
You are electrocuted!
You die...

###.. # ###(## #....
.#.....##
###....##.......#
#................ ###
...............# ##.##
.#...........# #...##
...........## #####...##
........@...###........#
........#@...##...#...<#
........###.......#.#)[#
.#.....## #.........#..###
#..... ##.....#...#...#.
......####.....##..##.....
.....?#..##...............
###### #..................
#.................#
#........####.....#


You could see Harold (extremely poisoned).

Vanquished Creatures
  Pikel (D:6)
  4 humans
  Edmund (D:5)
  A water moccasin (D:5)
  An orc warrior (D:4)
  A sky beast (D:5)
  A black bear (D:7)
  A phantom (D:7)
  2 centaurs
  3 bullfrogs
  A gnoll sergeant (D:7)
  A water moccasin zombie (Ossuary)
  A scorpion (D:5)
  7 wights
  4 bullfrog zombies (Ossuary)
  A quasit (D:6)
  3 centaur zombies (Ossuary)
  5 hounds
  An orc wizard (D:4)
  15 mummies (Ossuary)
  Ijyb (D:5)
  2 bullfrog skeletons (D:6)
  An iguana (D:7)
  Terence (D:3)
  8 worker ants
  A killer bee zombie (Ossuary)
  A hound zombie (Ossuary)
  4 worker ant zombies
  12 gnolls
  11 adders
  A shadow imp (D:5)
  A white imp (D:5)
  2 ufetubi
  4 oozes
  2 adder zombies (Ossuary)
  An adder skeleton (D:4)
  2 dart slugs
  3 leopard geckos
  12 orcs
  2 ball pythons
  5 giant cockroaches
  7 hobgoblins
  11 jackals
  7 kobolds
  3 quokkas
  3 bats
  9 frilled lizards
  12 goblins
  2 leopard gecko zombies (Ossuary)
  2 quokka zombies (Ossuary)
  9 rats
197 creatures vanquished.

Vanquished Creatures (others)
  10 plants
  4 withered plants (Ossuary)
14 creatures vanquished.

Grand Total: 211 creatures vanquished

Notes
Turn   | Place    | Note
-------+----------+-------------------------------------------
     0 | D:1      | kaeus the Octopode Monk began the quest for the Orb.
     0 | D:1      | Reached XP level 1. HP: 16/16 MP: 1/1
   111 | D:1      | Reached skill level 3 in Stealth
   111 | D:1      | Reached XP level 2. HP: 21/21 MP: 2/2
   648 | D:2      | Reached XP level 3. HP: 20/26 MP: 3/3
  1173 | D:2      | Reached XP level 4. HP: 31/31 MP: 4/4
  1607 | D:2      | Reached skill level 4 in Stealth
  1857 | D:2      | Found a sparkling altar of Nemelex Xobeh.
  1858 | D:2      | Found a glowing golden altar of the Shining One.
  1858 | D:2      | Found a hide-covered altar of Uskayaw.
  1888 | D:2      | Reached XP level 5. HP: 37/37 MP: 5/5
  2835 | D:3      | Noticed Terence
  2847 | D:3      | Killed Terence
  3035 | D:4      | Found Jumoosoh's Antique Weapon Shoppe.
  3084 | D:4      | Reached XP level 6. HP: 25/43 MP: 6/6
  3091 | D:4      | Reached skill level 5 in Stealth
  3111 | D:4      | Noticed an orc warrior
  3179 | D:4      | Found Qiesm's Antique Weapon Boutique.
  3282 | D:4      | Found a radiant altar of Vehumet.
  3344 | D:4      | Found Rusaz's Gadget Shoppe.
  3398 | D:4      | Found a snail-covered altar of Cheibriados.
  3585 | D:4      | Killed an orc warrior
  3586 | D:4      | Reached skill level 1 in Shields
  3586 | D:4      | Reached XP level 7. HP: 24/49 MP: 7/7
  3590 | D:4      | Reached skill level 6 in Stealth
  3949 | D:5      | Entered Level 5 of the Dungeon
  4043 | D:5      | Noticed Ijyb
  4046 | D:5      | Killed Ijyb
  4219 | D:5      | Found an ornate altar of the Wu Jian Council.
  4236 | D:5      | HP: 2/49 [something (5)]
  4958 | D:5      | Noticed Edmund
  4960 | D:5      | Killed Edmund
  4961 | D:5      | Reached skill level 7 in Stealth
  4989 | D:5      | Reached XP level 8. HP: 51/54 MP: 8/8
  5149 | D:6      | Found a sand-covered staircase.
  5158 | Ossuary  | Entered an ossuary
  5164 | Ossuary  | Reached skill level 5 in Fighting
  5164 | Ossuary  | Reached skill level 5 in Dodging
  5191 | Ossuary  | Reached skill level 5 in Short Blades
  5225 | Ossuary  | Reached skill level 8 in Stealth
  5975 | Ossuary  | Reached skill level 9 in Stealth
  6095 | D:6      | Noticed Pikel
  6100 | D:6      | Reached XP level 9. HP: 58/62 MP: 9/9
  6127 | D:6      | Found a bloodstained altar of Trog.
  6143 | D:6      | Killed Pikel
  6144 | D:6      | Reached skill level 10 in Stealth
  7512 | D:6      | Reached skill level 11 in Stealth
  7646 | D:6      | Found a staircase to the Ecumenical Temple.
  7655 | Temple   | Entered the Ecumenical Temple
  7858 | Temple   | Became a worshipper of Dithmenos the Shadowed
  7858 | Temple   | Reached * piety under Dithmenos
  7858 | Temple   | Reached ** piety under Dithmenos
  7881 | D:6      | Reached XP level 10. HP: 64/69 MP: 10/10
  8080 | D:7      | Reached skill level 5 in Shields
  8762 | D:7      | Noticed Harold
  8780 | D:7      | Mangled by Harold

Illustrated notes

Levels and vault maps discovered:
D:1:      giann_horns, layout_rooms
D:2:      layout_basic, chequers_temple_overflow_statue_of_worship,
          minmay_lizard_king
D:3:      layout_basic, serial_park_tiny_pond, uniq_terence
D:4:      layout_loops_ring, cheibriados_altar_1, vehumet_crystals,
          serial_bayou, serial_bayou_pond_e, serial_bayou_shore_b,
          serial_bayou_pond_d, serial_bayou_shore_a, serial_shops,
          shop_fountains, shop_statue, shop
D:5:      layout_loops_cross, pdpol_wu_jian_five_deadly_venoms, uniq_ijyb,
          uniq_edmund
D:6:      layout_rooms, bloody_trog, temple_doors_cd, enter_ossuary_3,
          minmay_ruffians, uniq_pikel
D:7:      layout_cave_pools, lemuel_blue_sif_altar, gammafunk_ghost_smash,
          uniq_harold
Temple:   nicolae_temple_figure_eight

Skill      XL: |  1  2  3  4  5  6  7  8  9 10 |
---------------+-------------------------------+-----
Stealth        | 3 4 5 7 9 11 | 11.7
Fighting       | 4 5 6 |  6.9
Short Blades   | 4 5 6 |  6.8
Dodging        | 4 5 6 |  6.8
Shields        | 1 2 3 4 5 |  5.2

Action                   |  1- 3 |  4- 6 |  7- 9 | 10-12 || total
-------------------------+-------+-------+-------+-------++-------
Melee: Dagger            |    73 |   117 |   306 |    95 ||   591
       Short sword       |     3 |       |       |       ||     3
       Constrict         |    18 |    32 |    56 |    18 ||   124
       Tentacles         |    17 |    26 |   103 |    32 ||   178
  Use: Scroll            |       |       |     9 |       ||     9
       Potion            |       |       |     3 |     1 ||     4
 Stab: Sleeping          |     9 |    18 |     9 |     3 ||    39
       Distracted        |       |     2 |     5 |     1 ||     8
Armor: Skin              |     3 |     5 |   131 |       ||   139
Dodge: Dodged            |    36 |    78 |   189 |    48 ||   351
Block: Buckler           |       |     1 |    77 |    17 ||    95
